 Dungeon Crawl Stone Soup version 0.30-a0-1160-g6e42c06 (webtiles) character file.

Game seed: 15015260870466711328

245 Dorkslayer the Covered (level 6, -1/38 HPs)
             Began as a Gargoyle Fighter on Apr 25, 2023.
             Was an Initiate of the Shining One.
             Killed by divine providence
             ... invoked by an orc priest
              (14 damage)
             ... on level 3 of the Dungeon.
             The game lasted 00:06:21 (2466 turns).

Dorkslayer the Covered (Gargoyle Fighter)           Turns: 2466, Time: 00:06:21

Health: -1/38      AC: 18    Str: 21    XL:     6   Next: 10%
Magic:  6/6        EV:  8    Int:  9    God:    the Shining One [......]
Gold:   219        SH:  5    Dex: 15    Spells: 5/5 levels left

rFire   . . .        a - +0 war axe
rCold   . . .        c - +0 buckler
rNeg    + . .        s - +1 chain mail {rPois}
rPois   ∞            (no helmet)
rElec   +            (no cloak)
rCorr   .            (no gloves)
SInv    .            (no boots)
Will    .....        (no amulet) Stlth
                     g - +6 ring of dexterity
HPRegen 0.26/turn    h - +4 ring of protection
MPRegen 0.10/turn

%: no passive effects
@: mighty, glowing
A: sickness immunity, AC +4, negative energy resistance 1, electricity
resistance, torment resistance 1, petrification resistance
a: Renounce Religion


You were on level 3 of the Dungeon.
You worshipped the Shining One.
The Shining One was noncommittal.
You visited 1 branch of the dungeon, and saw 4 of its levels.

You collected 219 gold pieces.

Inventory:

Hand Weapons
 a - a +0 war axe (weapon)
Armour
 c - a +0 buckler (worn)
 s - a +1 chain mail of poison resistance (worn)
Jewellery
 g - a +6 ring of dexterity (left hand)
 h - a +4 ring of protection (right hand)
 j - a ring of protection from fire
Wands
 i - a wand of charming (2)
Scrolls
 b - a scroll of identify {unknown}
 f - a scroll of magic mapping {unknown}
 l - a scroll of enchant weapon {unknown}
 n - 2 scrolls of blinking {unknown}
 o - a scroll of teleportation {unknown}
 p - a scroll of poison {unknown}
 q - a scroll of noise {unknown}
 r - a scroll of immolation {unknown}
Potions
 d - a potion of might
 e - a potion of flight {unknown}
 k - a potion of curing
 m - a potion of brilliance {unknown}


   Skills:
 + Level 3.9 Fighting
 + Level 3.7 Axes
 + Level 4.1 Armour
 + Level 1.6 Dodging
 + Level 3.6 Shields
 * Level 1.1 Invocations
 * Level 0.7 Evocations


You had 5 spell levels left.
You didn't know any spells.
Your spell library contained the following spells:

 Spells                   Type           Power      Damage    Failure   Level
 Stone Arrow              Conj/Erth      0%         3d7       100%        3
 Animate Armour           Summ/Erth      0%         N/A       100%        4
 Lehudib's Crystal Spear  Conj/Erth      0%         10d2      100%        8


Dungeon Overview and Level Annotations

Branches:
Dungeon (4/15)
 Temple: D:4-7

Altars:
The Shining One


Innate Abilities, Weirdness & Mutations

You are immune to sickness and miasma.
Your stone body is resilient. (AC +4)
You are immune to poison.
You resist negative energy. (rN+)
You are resistant to electric shocks. (rElec)
You are resistant to unholy torment.
You are immune to petrification.


Message History

a +0 dagger; a +0 robe; a +0 dagger
Things that are here:
a +0 dagger; a +0 robe
Things that are here:
a +0 dagger; a +0 robe; an orc corpse
Things that are here:
a +0 dagger; an orc corpse
Things that are here:
a +0 hand axe; a +0 dagger; a +0 robe
There is a stone staircase leading down here.
Okay, then.
You climb downwards.
The orc priest looks encouraged for a moment.
The orc hits you but does no damage. x2; The orc closely misses you.
There is a stone staircase leading up here.
You slash the orc!
You kill the orc!
You barely miss the orc. You hit the orc. The orc barely misses you. x2
You barely miss the orc priest. You hit the orc.
You kill the orc!
You hit the orc. x2; The orc closely misses you.
The orc priest calls down the wrath of Beogh upon you.
Pain shoots through your body!
The orc priest mumbles some strange prayers to Beogh against you.
Pain shoots through your body! The orc barely misses you.
The orc hits you but does no damage.
The orc priest calls down the wrath of Beogh upon you.
Beogh smites you!
* * * LOW HITPOINT WARNING * * *
Okay, then.
The orc hits you with a +0 mace.
* * * LOW HITPOINT WARNING * * *
You block the orc's attack.
The orc priest hits you but does no damage.
You climb upwards.
There is a stone staircase leading down here.
You feel better.
The orc priest mumbles some strange prayers to Beogh against you.
Beogh smites you!
You die...

..# #.# ..# #.# ..# #.#
..############# #.#
....†.........# #.#
#.#####.#####.# #.# #.# ##.#.##
#.####### ##### #.#
#.###.###.###..)[o..###...#####.#
#.##.## ##.....o@o..[............
#.###.###.#############...#######
#......#.## ##.########
#######.## #......... ###
##########


You could see an orc priest and 2 orcs.

Vanquished Creatures
  5 orc wizards (D:3)
  2 adders
  3 worms
  4 dart slugs
  8 orcs
  6 ball pythons
  4 endoplasms
  3 giant cockroaches
  5 goblins
  9 hobgoblins
  5 jackals (D:3)
  10 kobolds
  4 quokkas
  6 bats
  A frilled lizard (D:3)
  6 rats
81 creatures vanquished.

Notes
Turn   | Place    | Note
-------+----------+-------------------------------------------
     0 | D:1      | Dorkslayer the Gargoyle Fighter began the quest for the
                  | Orb.
     0 | D:1      | Reached XP level 1. HP: 14/14 MP: 1/1
    96 | D:1      | Reached XP level 2. HP: 4/19 MP: 2/2
   456 | D:1      | Reached XP level 3. HP: 19/23 MP: 3/3
   623 | D:1      | Reached skill level 1 in Dodging
  1150 | D:2      | Found a glowing golden altar of the Shining One.
  1177 | D:2      | Reached XP level 4. HP: 28/28 MP: 4/4
  1315 | D:2      | Became a worshipper of the Shining One
  2053 | D:3      | Reached XP level 5. HP: 25/33 MP: 5/5
  2450 | D:3      | Reached skill level 4 in Armour
  2454 | D:3      | Reached skill level 1 in Invocations
  2454 | D:3      | Reached XP level 6. HP: 23/38 MP: 6/6
  2466 | D:3      | Killed from afar by an orc priest

Illustrated notes

Levels and vault maps discovered:
D:1:      ebering_trefoil_3fold, layout_loops_cross, minmay_split_cup_large
D:2:      layout_loops_cross, basic_altar
D:3:      layout_loops_ring, minmay_misc_feat_iff
D:4:      layout_gridville, nicolae_ru_great_annihilating_truth,
          mainiacjoe_overflow_chevrons, minmay_temple_entry_arrows,
          uniq_crazy_yiuf_cottage, uniq_eustachio

Skill      XL: |  1  2  3  4  5 |
---------------+----------------+-----
Axes           | 2 3 |  3.7
Dodging        | 1 |  1.6
Armour         | 4 |  4.1
Invocations    | 1 |  1.1
Fighting       | |  3.9
Shields        | |  3.6
Evocations     | |  0.7

Action                     |  1- 3 |  4- 6 || total
---------------------------+-------+-------++-------
  Melee: War axe           |    95 |   109 ||   204
    Use: Potion            |       |     3 ||     3
 Armour: Scale mail        |    37 |       ||    37
         Chain mail        |    12 |    96 ||   108
  Dodge: Dodged            |    51 |    62 ||   113
  Block: Buckler           |    20 |    36 ||    56

Table legend: (Time is in decaauts)
 A = Elapsed time spent in this place.
 B = Non-inter-level travel time spent in this place.
 C = Inter-level travel time spent in this place.
 D = Time resting spent in this place.
 E = Time spent auto-exploring this place.
 F = Levels seen in this place.
 G = Mean time per level.
                   A        B        C        D        E       F      G
               +--------+--------+--------+--------+--------+-----+--------+
         Total |   2548 |   2548 |      0 |      0 |   1481 |   4 |  637.0 |
       Dungeon |   2548 |   2548 |      0 |      0 |   1481 |   4 |  637.0 |
               +--------+--------+--------+--------+--------+-----+--------+

Top non-repeatable levels by time:
     D:3: 995 daAuts
     D:1: 812 daAuts
     D:2: 724 daAuts
     D:4: 16 daAuts
